 Dungeon Crawl Stone Soup version 0.27.1-4-g1640c2035a (webtiles) character file.

Game seed: 8376533092159268222

1986 unlimited1921 the Vexing (level 9, 0/67 HPs)
             Began as a Gnoll Arcane Marksman on Nov 2, 2021.
             Engulfed by a cloud of flame (33 damage)
             ... on level 7 of the Dungeon.
             The game lasted 01:33:30 (9404 turns).

unlimited1921 the Vexing (Gnoll Arcane Marksman)    Turns: 9404, Time: 01:33:34

Health: 0/67       AC:  9    Str:  9    XL:     9   Next: 21%
Magic:  13/16      EV: 14    Int: 15    God:
Gold:   270        SH:  5    Dex: 14    Spells: 1/18 levels left

rFire    . . .     SeeInvis +   a - +0 hand crossbow
rCold    . . .     Faith    .   o - +0 buckler
rNeg     . . .     Spirit   .   k - +0 steam dragon scales
rPois    .         Reflect  .   d - +0 helmet {SInv}
rElec    .         Harm     .   l - +1 cloak
rCorr    .         Rampage  .   (no gloves)
Will     .....                  (no boots)
Stlth    +++.......             g - amulet of regeneration
HPRegen  1.21/turn              (no ring)
MPRegen  0.15/turn              (no ring)

@: no status effects
A: fangs 1, strong nose, distributed training
a: no special abilities


You were on level 7 of the Dungeon.
You visited 2 branches of the dungeon, and saw 8 of its levels.

You collected 348 gold pieces.
You spent 78 gold pieces at shops.

Inventory:

Hand Weapons
 a - a +0 hand crossbow (weapon)
 i - a +0 hunting sling of freezing
 s - a +0 dagger of venom
 t - a +0 rapier
 u - a +1 vorpal hand axe
 z - a +0 shortbow
 C - a +0 flail of protection
 E - a +2 vampiric scythe
 I - a +2 vampiric spear
 J - a +4 whip
 N - a +2 whip of flaming
Missiles
 b - 137 arrows
 c - 91 bolts (quivered ammo)
 p - 139 stones
 v - 10 javelins
 B - 15 poisoned darts
 F - 3 silver boomerangs
 H - 7 curare-tipped darts
 P - 14 sling bullets
Armour
 d - a +0 helmet of see invisible (worn)
 k - +0 steam dragon scales (worn)
 l - a +1 cloak (worn)
 o - a +0 buckler (worn)
 D - a +0 chain mail
Jewellery
 g - an amulet of regeneration (around neck)
 j - a ring of ice
Scrolls
 f - 3 scrolls of vulnerability {unknown}
 m - 2 scrolls of enchant armour
 r - 2 scrolls of amnesia {unknown}
 x - 2 scrolls of enchant weapon
 y - a scroll of teleportation
 A - a scroll of fear
 G - a scroll of brand weapon {unknown}
 K - a scroll of magic mapping {unknown}
 O - a scroll of immolation {unknown}
Potions
 e - a potion of heal wounds
 h - a potion of flight
 n - a potion of might
 q - 2 potions of ambrosia {unknown}
 L - a potion of degeneration {unknown}


   Skills:
 + Level 4.8 Fighting
 + Level 4.0 Short Blades
 + Level 4.0 Long Blades
 + Level 4.0 Axes
 + Level 4.0 Maces & Flails
 + Level 4.0 Polearms
 + Level 4.0 Staves
 + Level 4.0 Slings
 + Level 4.0 Bows
 + Level 6.1 Crossbows
 + Level 4.0 Throwing
 + Level 4.0 Armour
 + Level 6.1 Dodging
 + Level 4.0 Stealth
 + Level 4.0 Shields
 + Level 4.0 Unarmed Combat
 + Level 5.0 Spellcasting
 + Level 3.3 Conjurations
 + Level 6.4 Hexes
 + Level 3.3 Summonings
 + Level 3.3 Necromancy
 + Level 3.3 Translocations
 + Level 3.3 Transmutations
 + Level 3.3 Fire Magic
 + Level 3.3 Ice Magic
 + Level 3.3 Air Magic
 + Level 3.3 Earth Magic
 + Level 3.3 Poison Magic
 + Level 4.4 Invocations
 + Level 4.0 Evocations


You had one spell level left.
You knew the following spells:

 Your Spells              Type           Power      Damage    Failure   Level
a - Corona                Hex            25%        N/A       1%          1
b - Slow                  Hex            23%        N/A       1%          2
c - Inner Flame           Hex/Fire       18%        N/A       7%          3
d - Portal Projectile     Hex/Tloc       36%        N/A       7%          3
e - Ensorcelled Hibernat  Hex/Ice        36%        N/A       3%          2
f - Call Canine Familiar  Summ           13%        N/A       13%         3
g - Ozocubu's Armour      Ice            13%        N/A       13%         3

Your spell library contained the following spells:

 Spells                   Type           Power      Damage    Failure   Level
 Animate Skeleton         Necr           26%        N/A       4%          1
 Apportation              Tloc           26%        N/A       4%          1
 Sandblast                Erth           26%        2d8       4%          1
 Summon Small Mammal      Summ           52%        N/A       4%          1
 Passwall                 Tmut/Erth      10%        N/A       6%          2
 Static Discharge         Conj/Air       13%        N/A       6%          2
 Cause Fear               Hex            11%        N/A       12%         4
 Spider Form              Tmut/Pois      6%         N/A       13%         3
 Leda's Liquefaction      Hex/Erth       9%         N/A       22%         4
 Animate Armour           Summ/Erth      26%        N/A       38%         4
 Metabolic Englaciation   Hex/Ice        9%         N/A       52%         5
 Blade Hands              Tmut           6%         N/A       75%         5
 Lee's Rapid Deconstruct  Erth           6%         3d7*      75%         5
 Lightning Bolt           Conj/Air       6%         1d18      75%         5
 Iron Shot                Conj/Erth      6%         9d2       100%        6
 Shadow Creatures         Summ           N/A        N/A       100%        6
 Simulacrum               Ice/Necr       6%         N/A       100%        6
 Maxwell's Capacitive Co  Air            6%         ∞         100%        8


Dungeon Overview and Level Annotations

Branches:
Dungeon (7/15)             Temple (1/1) D:6

Altars:
Cheibriados
Dithmenos
Fedhas
Hepliaklqana
Kikubaaqudgha
Makhleb
Nemelex Xobeh
Okawaru
Qazlal
Ru
Trog
Vehumet
Wu Jian
Xom
Zin
The Shining One

Shops:
D:3 ?   D:4 *

Annotations:
D:5 1 runed translucent door, Arandomuser's ghost, novice MiBe


Innate Abilities, Weirdness & Mutations

You have very sharp teeth.
Your uncanny sense of smell can sniff out nearby items.
Your experience applies equally to all skills.


Message History

You shoot a bolt. The bolt closely misses the necrophage.
The necrophage barely misses you.
You shoot a bolt. The bolt barely misses the necrophage.
The necrophage closely misses you.
You shoot a bolt. The bolt hits the necrophage!
You destroy the necrophage!
Your life force feels restored.
Your Spellcasting skill increases to level 5!
No target in view!
Unknown command.
HP restored.
c - 92 bolts (gained 9)
c - 93 bolts (gained 1)
Found 16 gold pieces.
You now have 270 gold pieces (gained 16).
An orc priest and 2 orc wizards come into view.
An orc wizard is wielding a +0 dagger of venom.
The orc wizard shouts!
The orc priest shouts!
The orc wizard gestures wildly while chanting.
The orc wizard flickers and vanishes for a moment.
Casting: Corona (safe; 1% risk of failure)
Confirm with . or Enter, or press ? or * to list all spells.
Aiming: Inner Flame (dangerous; 7% risk of failure)
Press: ? - help, Shift-Dir - straight line, f - orc priest
Aim: an orc priest, wielding a +0 whip and wearing a +0 scale mail (chance to affect: 74%)
The orc priest is filled with an inner flame.
Unknown command.
You shoot a bolt. The bolt hits the orc priest.
Flame seeps out of the orc priest.
The orc priest is lightly wounded.
The orc priest is engulfed in blazing flames.
Flame seeps out of the orc priest.
The orc priest barely misses you.
You shoot a bolt. The bolt hits the orc priest!
The orc priest explodes!
The fiery explosion engulfs the orc wizard!!
You kill the orc wizard!
The fiery explosion engulfs you!!
Ouch! That really hurt!
You are engulfed in blazing flames.
You die...

#.####.# #......#
#.###### #.# #.#
#.########
#........#
##########.######.#
#.§°@......#
#o########## #. #o
#o #. #. #.


You could see an orc wizard.

Vanquished Creatures
  Sigmund (D:4)
  A steam dragon (D:6)
  Edmund (D:4)
  A water moccasin (D:4)
  2 sky beasts (D:6)
  A necrophage (D:7)
  An ice beast (D:6)
  2 centaurs
  A phantom (D:6)
  2 kobold brigands (D:6)
  2 scorpions
  A howler monkey (D:5)
  A vampire bat (D:3)
  An orc priest (D:7)
  2 bullfrog skeletons
  A hound (D:4)
  Jessica (D:2)
  5 orc wizards
  Robin (D:2)
  7 gnolls
  7 adders
  A shadow imp (D:5)
  5 white imps
  3 ufetubi
  An adder skeleton (D:4)
  3 worms
  4 dart slugs
  19 orcs
  13 bats
  12 endoplasms
  4 giant cockroaches
  11 goblins
  10 hobgoblins
  3 quokkas
  7 ball pythons
  3 frilled lizards
  14 kobolds
  4 rats
159 creatures vanquished.

Vanquished Creatures (others)
  A fungus (D:2)
  2 plants (D:4)
  2 withered plants (D:5)
5 creatures vanquished.

Grand Total: 164 creatures vanquished

Notes
Turn   | Place    | Note
-------+----------+-------------------------------------------
     0 | D:1      | unlimited1921 the Gnoll Arcane Marksman began the quest for
                  | the Orb.
     0 | D:1      | Reached XP level 1. HP: 17/17 MP: 4/4
   142 | D:1      | Reached XP level 2. HP: 19/23 MP: 5/5
   777 | D:1      | Reached XP level 3. HP: 28/28 MP: 5/7
  1020 | D:1      | Learned a level 2 spell: Slow
  1418 | D:2      | Reached skill level 1 in Invocations
  1444 | D:2      | Noticed Jessica
  1451 | D:2      | Killed Jessica
  1452 | D:2      | Reached skill level 1 in Short Blades
  1452 | D:2      | Reached skill level 1 in Long Blades
  1452 | D:2      | Reached skill level 1 in Axes
  1452 | D:2      | Reached skill level 1 in Maces & Flails
  1452 | D:2      | Reached skill level 1 in Polearms
  1452 | D:2      | Reached skill level 1 in Staves
  1452 | D:2      | Reached skill level 1 in Slings
  1452 | D:2      | Reached skill level 1 in Bows
  1452 | D:2      | Reached skill level 1 in Throwing
  1452 | D:2      | Reached skill level 1 in Armour
  1452 | D:2      | Reached skill level 1 in Stealth
  1452 | D:2      | Reached skill level 1 in Shields
  1452 | D:2      | Reached skill level 1 in Unarmed Combat
  1452 | D:2      | Reached skill level 1 in Evocations
  1452 | D:2      | Reached XP level 4. HP: 34/34 MP: 6/8
  1756 | D:2      | Noticed Robin
  1762 | D:2      | Killed Robin
  1763 | D:2      | Reached skill level 1 in Conjurations
  1763 | D:2      | Reached skill level 1 in Summonings
  1763 | D:2      | Reached skill level 1 in Necromancy
  1763 | D:2      | Reached skill level 1 in Translocations
  1763 | D:2      | Reached skill level 1 in Transmutations
  1763 | D:2      | Reached skill level 1 in Fire Magic
  1763 | D:2      | Reached skill level 1 in Ice Magic
  1763 | D:2      | Reached skill level 1 in Air Magic
  1763 | D:2      | Reached skill level 1 in Earth Magic
  1763 | D:2      | Reached skill level 1 in Poison Magic
  1809 | D:2      | Learned a level 3 spell: Inner Flame
  2056 | D:2      | Learned a level 3 spell: Portal Projectile
  2189 | D:2      | Found a faded altar of an unknown god.
  2289 | D:3      | Reached XP level 5. HP: 40/40 MP: 7/9
  2771 | D:3      | Reached XP level 6. HP: 44/47 MP: 6/10
  3419 | D:3      | Reached skill level 5 in Crossbows
  3419 | D:3      | Reached skill level 5 in Dodging
  3688 | D:3      | Found Keiled's Magic Scroll Shop.
  3778 | D:3      | Bought a scroll of teleportation for 36 gold pieces
  3778 | D:3      | Bought a scroll of fear for 42 gold pieces
  4078 | D:4      | Found a glowing golden altar of the Shining One.
  4375 | D:4      | Found Yletz's Lightly-Used Armoury.
  4409 | D:4      | Noticed a water moccasin
  4484 | D:4      | Killed a water moccasin
  4485 | D:4      | Reached XP level 7. HP: 26/52 MP: 9/12
  4595 | D:4      | Learned a level 2 spell: Ensorcelled Hibernation
  4835 | D:4      | Noticed Edmund
  4918 | D:4      | Killed Edmund
  5331 | D:4      | Noticed Sigmund
  5345 | D:4      | Killed Sigmund
  5346 | D:4      | Reached XP level 8. HP: 57/60 MP: 10/14
  5401 | D:5      | Entered Level 5 of the Dungeon
  6214 | D:5      | Found a runed translucent door.
  6214 | D:5      | Noticed Arandomuser's ghost (novice MiBe)
  7307 | D:6      | Found a staircase to the Ecumenical Temple.
  7976 | Temple   | Entered the Ecumenical Temple
  8491 | D:6      | Reached XP level 9. HP: 66/66 MP: 12/16
  9206 | D:6      | Learned a level 3 spell: Call Canine Familiar
  9210 | D:6      | Learned a level 3 spell: Ozocubu's Armour
  9383 | D:7      | Reached skill level 5 in Spellcasting
  9404 | D:7      | Engulfed by a cloud of flame

Illustrated notes

Levels and vault maps discovered:
D:1:      sevenhm_arrival_forest_fort_small_6, layout_loops_cross
D:2:      layout_basic, shapermc_ecumenical_altar_petra, uniq_robin,
          uniq_jessica
D:3:      layout_rooms, serial_shops,
          nicolae_shop_temple_entry_statues_fountains, hangedman_decor_push,
          roderic_batcave, kennysheep_pointless_box, grunt_ministairs_7
D:4:      layout_basic, tso_metal_star, minmay_crystal_water,
          minmay_misc_feat_encased, grunt_decor_resistance, minmay_shop_damaged,
          sigmund_edmund_badplayer
D:5:      layout_gridville, gammafunk_ghost_grave,
          chequers_serial_rivers_micro_c, chequers_serial_rivers_small_a
D:6:      layout_basic, minmay_temple_entry_drinking_statues
D:7:      due_chaos_kobolds, layout_loops_ring, minitemple, serial_shops, shop,
          kennysheep_generic_room_7
Temple:   regret_index_temple_waves

Skill      XL: |  1  2  3  4  5  6  7  8  9 |
---------------+----------------------------+-----
Invocations    | 1 2 3 4 |  4.4
Short Blades   | 1 2 3 4 |  4.0
Long Blades    | 1 2 3 4 |  4.0
Axes           | 1 2 3 4 |  4.0
Maces & Flails | 1 2 3 4 |  4.0
Polearms       | 1 2 3 4 |  4.0
Staves         | 1 2 3 4 |  4.0
Slings         | 1 2 3 4 |  4.0
Bows           | 1 2 3 4 |  4.0
Throwing       | 1 2 3 4 |  4.0
Armour         | 1 2 3 4 |  4.0
Stealth        | 1 2 3 4 |  4.0
Shields        | 1 2 3 4 |  4.0
Unarmed Combat | 1 2 3 4 |  4.0
Spellcasting   | 3 4 5 |  5.0
Evocations     | 1 2 3 4 |  4.0
Conjurations   | 1 2 3 |  3.3
Summonings     | 1 2 3 |  3.3
Necromancy     | 1 2 3 |  3.3
Translocations | 1 2 3 |  3.3
Transmutations | 1 2 3 |  3.3
Fire Magic     | 1 2 3 |  3.3
Ice Magic      | 1 2 3 |  3.3
Air Magic      | 1 2 3 |  3.3
Earth Magic    | 1 2 3 |  3.3
Poison Magic   | 1 2 3 |  3.3
Fighting       | 3 4 |  4.8
Crossbows      | 5 6 |  6.1
Dodging        | 5 6 |  6.1
Hexes          | 6 |  6.4

Action                   |  1- 3 |  4- 6 |  7- 9 || total
-------------------------+-------+-------+-------++-------
Melee: Dagger            |       |     2 |       ||     2
       Hand axe          |       |    53 |    24 ||    77
       Bite              |       |     4 |    13 ||    17
       Flail             |       |       |   150 ||   150
 Fire: Hand crossbow     |    60 |   130 |   142 ||   332
       Hunting sling     |       |     7 |       ||     7
Throw: Dart              |       |       |    15 ||    15
       Javelin           |       |       |     1 ||     1
 Cast: Corona            |    26 |    41 |    28 ||    95
       Slow              |       |     9 |    23 ||    32
       Inner Flame       |       |     3 |    18 ||    21
       Portal Projectile |       |       |     2 ||     2
  Use: Scroll            |       |     5 |     3 ||     8
       Potion            |       |     3 |     3 ||     6
Armor: Robe              |     3 |    54 |       ||    57
       Leather armour    |       |     2 |    90 ||    92
       Steam dragon scal |       |       |     2 ||     2
Dodge: Dodged            |    12 |   137 |   194 ||   343
Block: Buckler           |       |       |    56 ||    56
